 Dungeon Crawl Stone Soup version 0.31-a0-1539-g569d6c7dce (webtiles) character file.

Game seed: 8782618798019049522

379 Flugslaktarn the Trooper (level 6, -9/57 HPs)
             Began as a Minotaur Fighter on Jan 1, 2024.
             Killed by divine providence
             ... invoked by an orc priest
              (17 damage)
             ... on level 4 of the Dungeon.
             The game lasted 00:01:11 (2652 turns).

Flugslaktarn the Trooper (Minotaur Fighter)         Turns: 2652, Time: 00:01:11

Health: -9/57      AC:  8    Str: 23    XL:     6   Next: 45%
Magic:  5/5        EV:  9    Int:  5    God:
Gold:   83         SH:  4    Dex:  9    Spells: 5/5 levels left

rFire   . . .        a - +0 war axe
rCold   . . .        c - +0 buckler
rNeg    . . .        b - +0 scale mail
rPois   .            (helmet restricted)
rElec   .            (no cloak)
rCorr   .            o - +0 pair of gloves
SInv    .            (no boots)
Will    .....        (no amulet) Stlth
                     (no ring)
HPRegen 0.29/turn    (no ring)
MPRegen 0.09/turn

%: no passive effects
@: mighty
A: horns 2, retaliatory headbutt
a: no special abilities


You were on level 4 of the Dungeon.
You visited 1 branch of the dungeon, and saw 4 of its levels.

You collected 83 gold pieces.

Inventory:

Hand Weapons
 a - a +0 war axe (weapon)
Armour
 b - a +0 scale mail (worn)
 c - a +0 buckler (worn)
 o - a +0 pair of gloves (worn)
   (You found it on level 3 of the Dungeon)
Scrolls
 f - 8 scrolls of identify {unknown}
 g - a scroll of acquirement {unknown}
 h - a scroll of noise {unknown}
 j - a scroll of fear {unknown}
 k - a scroll of enchant armour {unknown}
 l - 2 scrolls of poison {unknown}
 n - a scroll of enchant weapon {unknown}
Potions
 d - 3 potions of might
 e - a potion of haste {unknown}
 i - a potion of lignification {unknown}
 m - a potion of berserk rage {unknown}


   Skills:
 * Level 6.2 Fighting
 * Level 5.6 Axes
 + Level 5.0 Armour
 - Level 3.6 Shields


You had 5 spell levels left.
You didn't know any spells.
Your spell library contained the following spells:

 Spells                   Type           Power      Damage    Failure   Level
 Stone Arrow              Conj/Erth      0%         3d7       99%         3
 Animate Armour           Summ/Erth      0%         N/A       100%        4
 Lehudib's Crystal Spear  Conj/Erth      0%         10d2      100%        8


Dungeon Overview and Level Annotations

Branches:
Dungeon (4/15)
 Temple: D:4-7

Altars:


Innate Abilities, Weirdness & Mutations

You have a pair of horns on your head.
You reflexively headbutt those who attack you in melee.


Message History

A hound comes into view.
The hound barks!
A hound is nearby!
The hound pauses to sniff the ground.
You hit the hound. You headbutt the hound.
The hound is lightly wounded.
You block the hound's attack. The hound bites you but does no damage.
You slice the hound!!
You kill the hound!
Your Fighting skill increases to level 6!
No target in view!
No target in view!
No target in view!
f - 8 scrolls labelled XOAVAU HISORCHY (gained 2)
Found a stone staircase leading up.
An orc priest comes into view. It is wielding a +0 whip.
Found 6 gold pieces.
The orc priest shouts!
You hear a shout!
The orc priest looks braver for a moment.
An orc comes into view. It is wielding a +0 war axe.
You hear a shout!
An orc priest and 2 orcs come into view.
The orc priest shouts!
The orc shouts! x2
The orc moves out of view.
An orc comes into view. It is wielding a +0 hand axe.
There are monsters nearby! 2 orcs come into view.
Found 4 gold pieces.
The orc shouts!
You hear a shout! x2
The orc priest begins to cast a cantrip, but forgets the words!
The orc moves out of view. x2
An orc comes into view. It is wielding a +0 falchion.
You hit the orc but do no damage. Your headbutt misses the orc.
A hobgoblin comes into view.
The orc priest looks braver for a moment.
An orc priest comes into view. It is wielding a +0 falchion.
You block the orc's attack.
You feel very mighty all of a sudden.
The orc priest shouts!
The orc hits you but does no damage. x2
You closely miss the orc. You hit the orc priest.
You closely miss the orc priest. You barely miss the orc.
The orc priest calls upon Beogh to heal the orc priest.
The orc priest's wounds heal themselves!
The orc hits you but does no damage.
The orc priest calls down the wrath of Beogh upon you.
Pain shoots through your body!
You slash the orc priest!
The orc priest is severely wounded.
You hit the orc priest. You slash the orc!
You kill the orc!
You hit the orc. You hit the orc but do no damage.
The orc priest calls down the wrath of Beogh upon you.
Pain shoots through your body!
The orc priest calls upon Beogh to heal the orc priest.
The orc priest's wounds heal themselves!
The orc hits you with a +0 war axe. The orc hits you but does no damage.
The orc priest hits you but does no damage.
The orc hits you but does no damage. The orc hits you with a +0 war axe.
The orc priest calls down the wrath of Beogh upon you.
Pain shoots through your body!
You slash the orc!
You kill the orc!
You slash the orc priest!
You kill the orc priest!
You barely miss the orc priest. You hit the orc.
You hit the orc but do no damage.
The orc priest calls down the wrath of Beogh upon you.
Beogh smites you!
* * * LOW HITPOINT WARNING * * *
The orc hits you but does no damage. The orc barely misses you.
Your Armour skill increases to level 5!
You are too injured to fight recklessly!
You are too injured to fight recklessly!
You are too injured to fight recklessly!
You slash the orc priest!
The orc priest is severely wounded.
You closely miss the orc. You hit the orc. You slash the orc!
You kill the orc!
You hit the orc.
You kill the orc!
You block the orc's attack.
The orc priest hits you with a +0 hand axe!
* * * LOW HITPOINT WARNING * * *
The orc hits you but does no damage.
You slash the orc priest!
You kill the orc priest!
You hit the orc. You slash the orc!
You kill the orc!
You barely miss the hobgoblin. The orc hits you but does no damage.
You block the hobgoblin's attack. The orc hits you but does no damage.
The hobgoblin hits you but does no damage.
Unknown command.
You closely miss the orc. You headbutt the orc.
You kill the orc!
You completely miss the orc. You slash the hobgoblin!
You kill the hobgoblin!
The orc priest calls down the wrath of Beogh upon you.
Beogh smites you!
You die...

(# #. .. $... (#.#.#
.#....# (#....##.#....#
##..#.#..#$..
#..!....o...
.........<##
#..))o..###.
#####..)@)......
...........#.....
.........#.## ..#
#.......##..#..#
##......##..#..#.##
#................... ..
##.####.........#..##..
## #...#.....#..#.#
##.##..........#


You could see 3 dancing weapons, an orc priest and an orc.

Vanquished Creatures
  Sigmund (D:3)
  A hound (D:4)
  2 orc priests (D:4)
  2 orc wizards (D:3)
  An adder (D:3)
  A dart slug (D:1)
  12 orcs
  10 endoplasms
  A giant cockroach (D:1)
  8 goblins
  6 hobgoblins
  5 ball pythons
  5 bats
  A frilled lizard (D:3)
  4 kobolds
  9 rats
69 creatures vanquished.

Notes
Turn   | Place    | Note
-------+----------+-------------------------------------------
     0 | D:1      | Flugslaktarn the Minotaur Fighter began the quest for the
                  | Orb.
     0 | D:1      | Reached XP level 1. HP: 19/19 MP: 0/0
    90 | D:1      | Found a faded altar of an unknown god.
   244 | D:1      | Reached XP level 2. HP: 27/27 MP: 1/1
   268 | D:1      | Reached skill level 4 in Fighting
   969 | D:2      | Reached XP level 3. HP: 33/33 MP: 2/2
  1023 | D:2      | You fall into a shaft and drop 1 floor!
  1494 | D:3      | Noticed Sigmund
  1499 | D:3      | Killed Sigmund
  1500 | D:3      | Reached skill level 5 in Fighting
  1500 | D:3      | Reached XP level 4. HP: 42/42 MP: 3/3
  1500 | D:3      | Reached XP level 5. HP: 48/48 MP: 4/4
  1814 | D:3      | Reached skill level 5 in Axes
  2062 | D:3      | Reached XP level 6. HP: 57/57 MP: 5/5
  2617 | D:4      | Reached skill level 6 in Fighting
  2642 | D:4      | Noticed a +0 falchion
  2643 | D:4      | Noticed a +0 dagger
  2644 | D:4      | Noticed a +0 spear
  2650 | D:4      | Reached skill level 5 in Armour
  2652 | D:4      | Killed from afar by an orc priest

Illustrated notes

Levels and vault maps discovered:
D:1:      scummos_arrival_simple_fountains, layout_loops_cross,
          chequers_ecumenical_altar_simple, minivault_5, minmay_misc_feat_x,
          corexii_hall_statues_t, chequers_serial_rivers_room_a
D:2:      layout_basic
D:3:      wad_crossroads, layout_basic, minmay_misc_feat_chi, uniq_sigmund
D:4:      layout_cave_pools, nicolae_uskayaw_en_pointe,
          minmay_temple_entry_glassed_door, serial_glass, glass_columns_a,
          glass_columns_a, hellmonk_guarded_unrand_hermit, uniq_blork_the_orc

Skill      XL: |  1  2  3  4  5  6 |
---------------+-------------------+-----
Fighting       | 4 5 6 |  6.2
Axes           | 3 4 5 |  5.6
Armour         | 4 5 |  5.0
Shields        | |  3.6

Action                     |  1- 3 |  4- 6 || total
---------------------------+-------+-------++-------
  Melee: War axe           |    59 |    75 ||   134
         Headbutt          |     8 |     7 ||    15
    Use: Potion            |       |     1 ||     1
 Armour: Scale mail        |    40 |    85 ||   125
  Dodge: Dodged            |    28 |    18 ||    46
  Block: Buckler           |    11 |    16 ||    27

Table legend: (Time is in decaauts)
 A = Elapsed time spent in this place.
 B = Non-inter-level travel time spent in this place.
 C = Inter-level travel time spent in this place.
 D = Time resting spent in this place.
 E = Time spent auto-exploring this place.
 F = Levels seen in this place.
 G = Mean time per level.
                   A        B        C        D        E       F      G
               +--------+--------+--------+--------+--------+-----+--------+
         Total |   2693 |   2529 |    164 |    255 |   1862 |   4 |  673.2 |
       Dungeon |   2693 |   2529 |    164 |    255 |   1862 |   4 |  673.2 |
               +--------+--------+--------+--------+--------+-----+--------+

Top non-repeatable levels by time:
     D:3: 1081 daAuts
     D:1: 897 daAuts
     D:2: 657 daAuts
     D:4: 56 daAuts
